 Dungeon Crawl Stone Soup version 0.30-a0-760-g5a9884bb7c (webtiles) character file.

Game seed: 9240222567107935295

899 dracfodder the Digger (level 8, -9/43 HPs)
             Began as a Gargoyle Earth Elementalist on Feb 10, 2023.
             Was an Initiate of Vehumet.
             Killed by divine providence
             ... invoked by an orc priest
              (12 damage)
             ... on level 6 of the Dungeon.
             The game lasted 00:23:51 (6150 turns).

dracfodder the Digger (Gargoyle Earth Elementalist) Turns: 6150, Time: 00:23:51

Health: -9/43      AC: 11    Str: 12    XL:     8   Next: 7%
Magic:  9/13       EV: 12    Int: 16    God:    Vehumet [......]
Gold:   223        SH:  0    Dex: 14    Spells: 2/16 levels left

rFire   . . .      SeeInvis .    a - +2 short sword (speed)
rCold   . . .      Faith    .    (no shield)
rNeg    + + .      Spirit   .    j - +1 robe
rPois   ∞          Reflect  .    (no helmet)
rElec   +          Harm     .    (no cloak)
rCorr   .          Rampage  .    i - +2 pair of gloves
Will    .....                    (no boots)
Stlth   ++                       l - amulet of the acrobat
HPRegen 0.27/turn                d - ring of positive energy
MPRegen 0.13/turn                (no ring)

@: no status effects
A: sickness immunity, AC +5, negative energy resistance 1, electricity
resistance, torment resistance 1, petrification resistance, agile 1, low MP 1
a: Renounce Religion


You were on level 6 of the Dungeon.
You worshipped Vehumet.
Vehumet was noncommittal.
You visited 2 branches of the dungeon, and saw 7 of its levels.

You collected 223 gold pieces.

Inventory:

Hand Weapons
 a - a +2 short sword of speed (weapon)
 b - a +0 sling
Armour
 i - a +2 pair of gloves (worn)
 j - a +1 robe (worn)
Jewellery
 d - a ring of positive energy (left hand)
 l - an amulet of the acrobat (around neck)
Scrolls
 e - 2 scrolls of fog
 m - a scroll of identify
 q - 4 scrolls of teleportation
Potions
 c - a potion of heal wounds
 f - 2 potions of might
 g - a potion of brilliance
 h - 2 potions of curing
 r - a potion of magic


   Skills:
 + Level 1.3 Fighting
 + Level 1.4 Short Blades
 + Level 2.2 Dodging
 + Level 3.8 Stealth
 + Level 4.9 Spellcasting
 + Level 1.3 Conjurations
 + Level 0.3 Translocations
 + Level 0.7 Transmutations
 + Level 7.6 Earth Magic
 + Level 0.4 Evocations


You had 2 spell levels left.
You knew the following spells:

 Your Spells              Type           Power      Damage    Failure   Level
a - Sandblast             Erth           56%        2d13      1%          1
b - Passwall              Tmut/Erth      14%        N/A       4%          2
c - Stone Arrow           Conj/Erth      36%        3d9       7%          3
d - Lee's Rapid Deconstr  Erth           14%        3d9*      19%         5
e - Kindle Blastsparks    Fire/Tloc/Air  8%         2d10      41%         3

Your spell library contained the following spells:

 Spells                   Type           Power      Damage    Failure   Level
 Petrify                  Tmut/Erth      17%        N/A       26%         4
 Gell's Gravitas          Tloc           5%         N/A       36%         3
 Teleport Other           Tloc           5%         N/A       36%         3
 Summon Guardian Golem    Hex/Summ       3%         N/A       43%         3
 Iskenderun's Mystic Bla  Conj/Tloc      6%         2d4       71%         4
 Fulminant Prism          Conj/Hex       3%         3d5       75%         4
 Dispersal                Tloc           2%         N/A       100%        6
 Orb of Destruction       Conj           4%         9d5       100%        7
 Spellforged Servitor     Conj/Summ      3%         N/A       100%        7


Dungeon Overview and Level Annotations

Branches:
Dungeon (6/15)             Temple (1/1) D:5

Altars:
Ashenzari
Dithmenos
Elyvilon
Gozag
Kikubaaqudgha
Makhleb
Nemelex Xobeh
Okawaru
Ru
Trog
Uskayaw
Vehumet
Yredelemnul
Zin
The Shining One

Annotations:
D:5 3 runed translucent doors, Taran's ghost, novice KoBr


Innate Abilities, Weirdness & Mutations

You are immune to sickness and miasma.
Your stone body is resilient. (AC +5)
You are immune to poison.
You resist negative energy. (rN+)
You are resistant to electric shocks. (rElec)
You are resistant to unholy torment.
You are immune to petrification.
You are agile. (Dex +4, Str/Int -1)
Your magical capacity is low. (-10% MP)


Message History

You start resting.
Magic restored.
You climb downwards.
There is a stone staircase leading up here.
Aiming: Sandblast (safe; 1% risk of failure)
Press: ? - help, Q - select action, (/) - cycle Shift-Dir - straight line, f - orc priest
Aim: an orc priest, wielding a +0 flail and wearing a +0 ring mail (85% to hit)
The blast of sand hits the orc priest.
The orc priest is lightly wounded.
The orc priest hits you but does no damage.
The orc priest invokes the aid of Beogh against you.
Beogh smites you!
Aiming: Sandblast (safe; 1% risk of failure)
Press: ? - help, Q - select action, (/) - cycle Shift-Dir - straight line, f/p - orc priest
Aim: an orc priest, wielding a +0 flail and wearing a +0 ring mail (lightly wounded, 85% to hit)
The blast of sand hits the orc priest.
The orc priest is lightly wounded.
The orc priest calls down the wrath of Beogh upon you.
Beogh smites you!
Aiming: Sandblast (safe; 1% risk of failure)
Press: ? - help, Q - select action, (/) - cycle Shift-Dir - straight line, f/p - orc priest
Aim: an orc priest, wielding a +0 flail and wearing a +0 ring mail (lightly wounded, 85% to hit)
The blast of sand hits the orc priest.
The orc priest is heavily wounded.
The orc priest hits you but does no damage.
The orc priest invokes the aid of Beogh against you.
Beogh smites you!
* * * LOW HITPOINT WARNING * * *
The orc priest barely misses you.
The orc priest hits you but does no damage.
Aiming: Sandblast (safe; 1% risk of failure)
Press: ? - help, Q - select action, (/) - cycle Shift-Dir - straight line, f/p - orc priest
Aim: an orc priest, wielding a +0 flail and wearing a +0 ring mail (heavily wounded, 85% to hit)
The blast of sand hits the orc priest but does no damage.
The orc priest is heavily wounded.
The orc priest hits you with a +0 flail.
* * * LOW HITPOINT WARNING * * *
The orc priest invokes the aid of Beogh against you.
Beogh smites you!
You die...

#....
#..... #
#......
##.#.......
#
.#.......#
#.#.......#
#..o.....#
#.o@....#
#.#####.#
.[ #. .. #.
#


You could see 2 orc priests.

Vanquished Creatures
  2 black bears
  2 phantoms
  A necrophage (D:4)
  3 scorpions
  A jelly (D:5)
  3 hounds
  Jessica (D:2)
  Robin (D:2)
  5 adders
  2 shadow imps (D:5)
  3 worms
  2 dart slugs
  9 orcs
  9 endoplasms
  A giant cockroach (D:3)
  14 goblins
  13 hobgoblins
  13 jackals
  4 quokkas
  4 ball pythons
  5 bats
  8 frilled lizards
  3 kobolds
  7 rats
116 creatures vanquished.

Vanquished Creatures (others)
  2 plants (D:2)
2 creatures vanquished.

Grand Total: 118 creatures vanquished

Notes
Turn   | Place    | Note
-------+----------+-------------------------------------------
     0 | D:1      | dracfodder the Gargoyle Earth Elementalist began the quest
                  | for the Orb.
     0 | D:1      | Reached XP level 1. HP: 10/10 MP: 3/3
   104 | D:1      | Reached skill level 4 in Earth Magic
   196 | D:1      | Reached XP level 2. HP: 15/15 MP: 3/5
   293 | D:1      | Learned a level 2 spell: Passwall
   549 | D:1      | Reached XP level 3. HP: 19/19 MP: 4/6
   600 | D:1      | Learned a level 3 spell: Stone Arrow
   630 | D:1      | You fall into a shaft and drop 1 floor!
   762 | D:2      | Noticed Robin
   854 | D:2      | Killed Robin
   872 | D:2      | Reached XP level 4. HP: 21/24 MP: 0/8
   961 | D:2      | Reached skill level 5 in Earth Magic
  1198 | D:2      | Noticed Jessica
  1202 | D:2      | Killed Jessica
  1321 | D:2      | Reached XP level 5. HP: 28/28 MP: 4/9
  2319 | D:3      | Found an ancient bone altar of Kikubaaqudgha.
  2321 | D:3      | Found a sparkling altar of Nemelex Xobeh.
  2321 | D:3      | Found a hide-covered altar of Uskayaw.
  2321 | D:3      | Found a basalt altar of Yredelemnul.
  2714 | D:3      | Noticed a phantom
  2721 | D:3      | Killed a phantom
  3280 | D:4      | Noticed a black bear
  3287 | D:4      | Killed a black bear
  3288 | D:4      | Reached skill level 6 in Earth Magic
  3288 | D:4      | Reached XP level 6. HP: 26/33 MP: 5/11
  3344 | D:4      | Reached skill level 1 in Short Blades
  3513 | D:4      | Reached skill level 1 in Fighting
  3575 | D:4      | Learned a level 5 spell: Lee's Rapid Deconstruction
  3971 | D:4      | Reached XP level 7. HP: 38/38 MP: 9/13
  4465 | D:5      | Entered Level 5 of the Dungeon
  4474 | D:5      | Learned a level 3 spell: Kindle Blastsparks
  4725 | D:5      | Gained mutation: Your magical capacity is low. (-10% MP)
                  | [potion of mutation]
  4725 | D:5      | Gained mutation: You are agile. (Dex +4, Str/Int -1)
                  | [potion of mutation]
  4797 | D:5      | Reached skill level 7 in Earth Magic
  5147 | D:5      | Found a staircase to the Ecumenical Temple.
  5177 | D:5      | Reached skill level 1 in Conjurations
  5177 | D:5      | Reached XP level 8. HP: 43/43 MP: 2/13
  5792 | D:5      | Found a runed translucent gate.
  5792 | D:5      | Found a runed translucent gate.
  5795 | D:5      | Found a runed translucent gate.
  5798 | D:5      | Noticed Taran's ghost (novice KoBr)
  5843 | Temple   | Entered the Ecumenical Temple
  6005 | Temple   | Became a worshipper of Vehumet
  6150 | D:6      | Killed from afar by an orc priest

Illustrated notes

Levels and vault maps discovered:
D:1:      dpeg_arrival_simpleton_c, layout_basic
D:2:      layout_basic, serial_bayou_pond_d, minmay_circle_x, uniq_jessica,
          uniq_robin
D:3:      layout_loops_corners, grunt_temple_overflow_open,
          kennysheep_generic_room_7
D:4:      nicolae_cairo_tiling_very_big, layout_basic, serial_co_window_serial,
          co_window_paths_a, co_window_paths_b, co_window_paths_b,
          co_window_paths_a, co_window_paths_b, co_window_paths_a,
          co_window_paths_a, co_window_paths_a, co_window_of_opportunity_a,
          co_window_unsneaky_path_e, co_window_corner_cb, glass_columns_a,
          glass_columns_b, glass_columns_a, glass_columns_a, glass_columns_a
D:5:      layout_loops_ring, minmay_temple_entry_statues_pillars,
          gammafunk_ghost_necromancy
D:6:      wad_pebble_path, layout_loops_ring,
          grunt_temple_overflow_forces_of_nature, grunt_temple_overflow_diamond,
          ebering_ghost_inner_flame
Temple:   chequers_temple_sunken

Skill      XL: |  1  2  3  4  5  6  7 |
---------------+----------------------+-----
Earth Magic    | 4 5 6 7 |  7.6
Spellcasting   | 3 4 |  4.9
Stealth        | 3 |  3.8
Short Blades   | 1 |  1.4
Dodging        | 2 |  2.2
Fighting       | 1 |  1.3
Conjurations   | 1 |  1.3
Translocations | |  0.3
Transmutations | |  0.7
Evocations     | |  0.4

Action                     |  1- 3 |  4- 6 |  7- 9 || total
---------------------------+-------+-------+-------++-------
  Melee: Dagger            |     5 |       |       ||     5
         Short sword       |       |    62 |    12 ||    74
         Punch             |       |       |     1 ||     1
   Cast: Sandblast         |    45 |    52 |    39 ||   136
         Passwall          |     1 |       |       ||     1
         Stone Arrow       |     1 |     7 |     7 ||    15
         Lee's Rapid Decon |       |       |     8 ||     8
  Evoke: Wand              |       |     4 |       ||     4
    Use: Scroll            |       |     9 |     4 ||    13
         Potion            |       |       |     4 ||     4
   Stab: Sleeping          |       |     1 |     2 ||     3
 Armour: Robe              |     6 |    21 |    17 ||    44
  Dodge: Dodged            |    14 |    44 |    21 ||    79

Table legend: (Time is in decaauts)
 A = Elapsed time spent in this place.
 B = Non-inter-level travel time spent in this place.
 C = Inter-level travel time spent in this place.
 D = Time resting spent in this place.
 E = Time spent auto-exploring this place.
 F = Levels seen in this place.
 G = Mean time per level.
                   A        B        C        D        E       F      G
               +--------+--------+--------+--------+--------+-----+--------+
         Total |   6225 |   6078 |    147 |   1334 |   3917 |   7 |  889.3 |
       Dungeon |   6000 |   5876 |    124 |   1334 |   3743 |   6 | 1000.0 |
        Temple |    225 |    202 |     23 |      0 |    174 |   1 |  225.0 |
               +--------+--------+--------+--------+--------+-----+--------+

Top non-repeatable levels by time:
     D:5: 1492 daAuts
     D:4: 1291 daAuts
     D:2: 1185 daAuts
     D:1: 1067 daAuts
     D:3: 945 daAuts
  Temple: 225 daAuts
     D:6: 18 daAuts
